AoeStats
← schmeno

Arena

509407864Analyzed
2v2 RM · 6d ago on Sep 26, 2026· 50m 35s· 4 players
Game mode
Random Map
Map size
Medium (4 player)
Population
200
Speed
Normal
Resources
Standard
Victory
Conquest
Starting age
Dark Age
Ending age
Imperial Age
RankedLock teamsTeams togetherTeam positionsShared explorationLock speedFull tech treeHidden civsTurbo modeCheats
Victory
Defeat
🇺🇸 Danes · United States
1156
+14
🇺🇸 Saxons · United States
1141
+14
🇺🇸 Bohemians · United States
1170
-16
🇺🇸 Mongols · United States
1045
-12
schmeno
10:17 Feudal Age
14:08 Castle Age
12:14 Double-Bit Axe
12:14 Horse Collar
14:58 Bow Saw
18:50 Loom
19:06 Gold Mining
20:25 Wheelbarrow
22:09 Sanctity
22:22 Stone Mining
26:31 Imperial Age
24:25 Fletching
25:05 Bodkin Arrow
24:34 Crossbowman
25:21 Town Watch
25:40 Guard Tower
26:30 Padded Archer Armor
26:40 Clerical Recruitment
29:05 Chemistry
29:22 Thumb Ring
29:37 Bracer
31:08 Redemption
32:23 Ballistics
32:35 Block Printing
34:17 Gold Shaft Mining
34:43 Hand Cart
35:10 Conscription
34:59 Siege Engineers
35:07 Masonry
34:25 Arbalester
36:05 Leather Archer Armor
36:36 Keep
37:02 Arrowslits
38:49 Scale Barding Armor
46:35 Illumination
47:10 Bloodlines
47:01 Husbandry
46:22 Light Cavalry
48:09 Ring Archer Armor
48:00 Chain Barding Armor
47:51 Forging
47:30 Hussar
49:09 Theocracy
48:37 Atonement
Tired Cock
10:39 Feudal Age
14:38 Castle Age
13:28 Double-Bit Axe
13:25 Horse Collar
16:13 Bow Saw
26:41 Imperial Age
24:49 Loom
26:36 Wheelbarrow
25:50 Hamask
27:18 Heavy Scorpion
28:08 Pikeman
28:49 Squires
28:52 Fletching
29:06 Scale Mail Armor
31:35 Ballistics
31:44 Murder Holes
31:33 Halberdier
31:36 Elite Varangian Guard
36:01 Arson
36:02 Gambesons
38:00 Chain Mail Armor
37:41 Bodkin Arrow
38:11 Hand Cart
37:19 Halberdier
37:29 Hamask
39:07 Siege Engineers
40:32 Chemistry
39:57 Northmen's Fury
41:03 Forging
42:17 Plate Mail Armor
42:24 Iron Casting
49:44 Onager
buh
11:18 Feudal Age
12:33 Double-Bit Axe
16:27 Castle Age
15:57 Horse Collar
18:08 Bow Saw
19:17 Chemistry
22:39 Fervor
25:38 Padded Archer Armor
26:22 Atonement
29:50 Wheelbarrow
29:45 Heavy Plow
30:53 Hand Cart
35:39 Imperial Age
32:43 Pikeman
34:15 Leather Archer Armor
36:43 Loom
37:20 Conscription
37:35 Ring Archer Armor
38:01 Hussite Reforms
39:14 Two-Man Saw
41:46 Sanctity
41:26 Devotion
41:42 Block Printing
41:53 Illumination
43:36 Elite Skirmisher
44:37 Fletching
46:14 Bodkin Arrow
47:53 Bracer
kenstu4
10:13 Feudal Age
14:27 Castle Age
12:43 Double-Bit Axe
13:22 Horse Collar
15:57 Bow Saw
21:30 Wheelbarrow
23:02 Bloodlines
23:06 Scale Barding Armor
23:54 Forging
23:56 Husbandry
23:53 Loom
24:04 Gold Mining
27:49 Iron Casting
33:43 Imperial Age
31:33 Hand Cart
31:23 Town Watch
32:55 Chain Barding Armor
32:46 Heavy Plow
33:41 Fletching
33:59 Elite Steppe Lancer
35:43 Blast Furnace
38:20 Bodkin Arrow
39:16 Onager
40:18 Capped Ram
45:22 Heavy Scorpion
Connection lost

Rejoining the realm…

Still unreachable

The connection could not be restored.

Session expired

The server has moved on; the page needs a fresh start.